AoeStats
← Jokerball

Nomad

504827004Analyzed
2v2 RM · 24d ago on Sep 6, 2026· 39m 34s· 4 players
Game mode
Random Map
Map size
176×176
Population
200
Speed
Normal
Resources
Standard
Victory
Conquest
Starting age
Dark Age
Ending age
Imperial Age
RankedLock teamsTeams togetherTeam positionsShared explorationLock speedFull tech treeHidden civsTurbo modeCheats
Victory
Defeat
🇩🇪 Burmese · Germany
1474
+14
🇩🇪 Lithuanians · Germany
1453
+15
🇺🇸 Saracens · United States
1439
-15
🇩🇪 Khmer · Germany
1417
-14
SylPags
10:04 Loom
13:09 Feudal Age
17:18 Castle Age
19:39 Fletching
KingQP
3:48 Loom
14:04 Feudal Age
26:29 Fletching
30:00 Castle Age
38:10 Horse Collar
Jokerball
12:54 Feudal Age
16:33 Castle Age
15:15 Stone Mining
16:52 Fletching
18:38 Loom
39:39 Double-Bit Axe
Twicebow
4:14 Loom
13:28 Feudal Age
17:53 Town Watch
20:26 Castle Age
19:04 Fishing Lines
21:41 Medium Warships
21:38 Fletching
33:20 Scale Barding Armor
39:19 Imperial Age
38:12 Bodkin Arrow
38:27 Padded Archer Armor
Connection lost

Rejoining the realm…

Still unreachable

The connection could not be restored.

Session expired

The server has moved on; the page needs a fresh start.